 Dungeon Crawl Stone Soup version 0.28.0-53-g5a82cb258f (webtiles) character file.

Game seed: 697452074293625414

4 jamesblauser the Grave Robber (level 1, -1/13 HPs)
             Began as a Demonspawn Necromancer on Nov 5, 2022.
             Slain by a frilled lizard (2 damage)
             ... on level 1 of the Dungeon.
             The game lasted 00:01:12 (79 turns).

jamesblauser the Grave Robber (DsNe)                  Turns: 79, Time: 00:01:12

Health: -1/13      AC:  5    Str:  8    XL:     1   Next: 50%
Magic:  0/3        EV: 10    Int: 16    God:
Gold:   4          SH:  0    Dex: 13    Spells: 3/4 levels left

rFire   . . .      SeeInvis .   (no weapon)
rCold   . . .      Faith    .   (no shield)
rNeg    . . .      Spirit   .   b - +0 ring mail
rPois   .          Reflect  .   (no helmet)
rElec   .          Harm     .   (no cloak)
rCorr   .          Rampage  .   (no gloves)
Will    .....                   (no boots)
Stlth   +.........              (no amulet)
HPRegen 0.04/turn               (no ring)
MPRegen 0.08/turn               (no ring)

@: no status effects
A: no striking features
a: no special abilities


You were on level 1 of the Dungeon.
You visited 1 branch of the dungeon, and saw 1 of its levels.

You collected 4 gold pieces.

Inventory:

Armour
 a - a +0 robe
 b - a +0 ring mail (worn)


   Skills:
 + Level 1.7 Dodging
 + Level 1.7 Stealth
 + Level 2.0 Spellcasting
 + Level 4.6 Necromancy


You had 3 spell levels left.
You knew the following spells:

 Your Spells              Type           Power      Damage    Failure   Level
a - Pain                  Necr           64%        1d7       10%         1

Your spell library contained the following spells:

 Spells                   Type           Power      Damage    Failure   Level
 Animate Skeleton         Necr           32%        N/A       10%         1
 Vampiric Draining        Necr           16%        2d7       28%         3
 Animate Dead             Necr           8%         N/A       67%         4
 Agony                    Necr           16%        N/A       95%         5


Dungeon Overview and Level Annotations

Branches:
Dungeon (1/15)

Altars:


Message History

A goblin comes into view. It is wielding a +0 dagger.
Aiming: Pain (safe; 10% risk of failure)
Press: ? - help, Q - select action Shift-Dir - straight line, f - hobgoblin
Aim: a hobgoblin (chance to affect: 86%)
The hobgoblin writhes in agony.
The goblin shouts!
You don't have enough magic to cast this spell.
You don't have enough magic to cast this spell.
A quokka comes into view.
The hobgoblin completely misses you. The hobgoblin hits you.
The hobgoblin misses you. The goblin hits you with a +0 dagger.
Aiming: Pain (safe; 10% risk of failure)
Press: ? - help, Q - select action Shift-Dir - straight line, f/p - hobgoblin
Aim: a hobgoblin (moderately wounded, chance to affect: 86%)
The hobgoblin writhes in agony.
The goblin closely misses you. The hobgoblin barely misses you.
The goblin hits you but does no damage.
A hobgoblin comes into view.
The hobgoblin shouts!
You hear a shout!
Found 13 sling bullets.
The goblin barely misses you. The goblin closely misses you.
Aiming: Pain (safe; 10% risk of failure)
Press: ? - help, Q - select action Shift-Dir - straight line, f/p - hobgoblin
Aim: a hobgoblin (almost dead, chance to affect: 86%)
The hobgoblin writhes in agony.
You kill the hobgoblin!
The goblin closely misses you.
A frilled lizard comes into view.
The frilled lizard hisses angrily.
A hobgoblin and an endoplasm come into view.
The goblin hits you with a +0 dagger.
* * * LOW HITPOINT WARNING * * *
The hobgoblin shouts!
The endoplasm quivers.
The goblin hits you with a +0 dagger.
* * * LOW HITPOINT WARNING * * *
The frilled lizard bites you.
You die...

#....... ..#.
#......#.....
+......+..... ...... ..#
#......#...J. ......###.#
#............
........#.####............
........#.##.....l#.......
........#.......@.........
.................gg.......
##........................
...............(..........
............##.........g#.
..........................
..........................
........#..........###....
####+####.........†###....


You could see 2 hobgoblins, a goblin and a frilled lizard.

Vanquished Creatures
  An endoplasm (D:1)
  A giant cockroach (D:1)
  A hobgoblin (D:1)
3 creatures vanquished.

Notes
Turn   | Place    | Note
-------+----------+-------------------------------------------
     0 | D:1      | jamesblauser the Demonspawn Necromancer began the quest for
                  | the Orb.
     0 | D:1      | Reached XP level 1. HP: 13/13 MP: 3/3
    79 | D:1      | Slain by a frilled lizard

Illustrated notes

Levels and vault maps discovered:
D:1:      ncdulo_lavacross, layout_basic, shapermc_ecumenical_altar_venn,
          minmay_misc_feat_tower

Action                   || total
-------------------------++-------
 Cast: Pain              ||     7
Armor: Ring mail         ||     1
Dodge: Dodged            ||     7
